 Dungeon Sprint DCSS version 0.31-a0-765-g67fe2935dc (webtiles) character file.

Game seed: 6934198228098075773

2326 Conn the Thaumaturge (level 9, -11/54 HPs)
             Began as an Octopode Fire Elementalist on Sept 16, 2023.
             Was an Elder of Sif Muna.
             Killed by an exploding redback (27 damage)
             ... ignited by their inner flame
             ... in the Dungeon (Sprint III: "The Ten Rune Challenge").
             The game lasted 00:10:53 (1083 turns).

Conn the Thaumaturge (Octopode Fire Elementalist)   Turns: 1083, Time: 00:10:55

Health: -11/54     AC:  1    Str:  7    XL:     9   Next: 42%
Magic:  15/25      EV: 15    Int: 20    God:    Sif Muna [****..]
Gold:   16         SH:  0    Dex: 16    Spells: 17/32 levels left

rFire   . . .        n - +2 dagger (freeze)
rCold   . . .        (no shield)
rNeg    . . .        (helmet restricted)
rPois   .            (no amulet)
rElec   .            (no ring)
rCorr   .            (no ring)
SInv    .            (no ring)
Will    .....        (no ring)
Stlth   ++++         (no ring)
HPRegen 0.29/turn    (no ring)
MPRegen 0.19/turn    (no ring)
                     (no ring)

%: no teleportation
@: lethally poisoned (-11 -> -23), hasted, very quick
A: almost no armour, amphibious, 8 rings, camouflage 1, gelatinous body 1,
(nimble swimmer 1), tentacles, beak, agile 1, mutation resistance 1
a: Renounce Religion, Channel Magic, Forget Spell, Divine Exegesis


You were in the Dungeon.
You worshipped Sif Muna.
Sif Muna was greatly pleased with you.
You visited 1 branch You collected 16 gold pieces.

Inventory:

Hand Weapons
 c - a +0 dagger
 n - a +2 dagger of freezing (weapon)
 o - a +1 long sword of holy wrath
Wands
 p - a wand of polymorph (11)
Scrolls
 f - a scroll of blinking
 h - a scroll of immolation {unknown}
 i - a scroll of enchant weapon {unknown}
 k - a scroll of poison {unknown}
 l - a scroll of vulnerability {unknown}
Potions
 a - 3 potions of magic
 b - 2 potions of curing
 e - a potion of berserk rage
 g - 2 potions of mutation
 j - a potion of enlightenment {unknown}
 m - a potion of ambrosia {unknown}
Miscellaneous
 q - a condenser vane


   Skills:
 + Level 2.2 Fighting
 + Level 4.7 Dodging
 - Level 6.0 Stealth
 - Level 0.2 Unarmed Combat
 * Level 12.4 Spellcasting
 * Level 8.3 Conjurations
 + Level 0.8 Hexes
 + Level 11.2 Fire Magic
 + Level 4.8 Air Magic
 + Level 3.3 Poison Magic
 * Level 2.9 Invocations


You had 17 spell levels left.
You knew the following spells:

 Your Spells              Type           Power      Damage    Failure   Level
a - Foxfire               Conj/Fire      100%       2x1d9     1%          1
b - Scorch                Fire           100%       2d9       1%          2
c - Inner Flame           Hex/Fire       36%        N/A       1%          3
d - Flame Wave            Conj/Fire      51%        2d13      1%          4
e - Mephitic Cloud        Conj/Pois/Air  34%        N/A       1%          3
f - Searing Ray           Conj           90%        2d7       1%          2

Your spell library contained the following spells:

 Spells                   Type           Power      Damage    Failure   Level
 Volatile Blastmotes      Fire/Tloc      68%        2d15      1%          3
 Frozen Ramparts          Ice            24%        1d4       16%         3
 Petrify                  Tmut/Erth      12%        N/A       47%         4
 Metabolic Englaciation   Hex/Ice        7%         N/A       77%         5
 Summon Mana Viper        Hex/Summ       14%        N/A       77%         5


Dungeon Overview and Level Annotations

Branches:
Dungeon (1/1)

Altars:
Cheibriados
Dithmenos
Elyvilon
Fedhas
Gozag
Hepliaklqana
Kikubaaqudgha
Makhleb
Nemelex Xobeh
Okawaru
Qazlal
Ru
Sif Muna
Trog
Uskayaw
Vehumet
Wu Jian
Xom
Yredelemnul
Zin
The Shining One
Jiyva
Lugonu


Innate Abilities, Weirdness & Mutations

You cannot wear most types of armour.
You are amphibious.
You can wear up to eight rings at the same time.
Your skin changes colour to match your surroundings (Stealth+).
Your rubbery body absorbs attacks. (AC +1, EV +1)
((You are camouflaged when in or above water. (Stealth+)))
You have tentacles for arms and can constrict up to eight enemies at once.
You have a beak for a mouth.
You are agile. (Dex +4, Str/Int -1)
You are somewhat resistant to further mutation.


Message History

The redback barely misses you. x2
Unknown command.
Your foxfire dissipates!
You feel very sick.
The foxfire hits the redback.
Flame seeps out of the redback.
The redback is heavily wounded.
Unknown command.
Unknown command.
Unknown command.
Okay, then.
Unknown command.
Unknown command.
You feel yourself speed up.
You feel very sick. The redback bites you.
Casting: Foxfire (safe; 1% risk of failure)
Confirm with . or Enter, or press ? or * to list all spells.
Aiming: Mephitic Cloud (safe; 1% risk of failure)
Press: ? - help, Shift-Dir - straight line, f/p - redback
Aim: a redback (heavily wounded, inner flame, chance to affect: 58%)
The ball explodes into a vile cloud!
The stinking cloud engulfs the redback but does no damage.
The redback is heavily wounded.
The stinking cloud engulfs the two-headed ogre but does no damage.
The stinking cloud engulfs you but does no damage.
You are engulfed in noxious fumes.
You feel sick.
The redback is engulfed in noxious fumes.
The redback bites you!
* * * LOW HITPOINT WARNING * * *
The two-headed ogre is engulfed in noxious fumes.
The two-headed ogre appears confused.
The two-headed ogre hits the redback with a +0 giant club!!
Sif Muna accepts your kill.
You can now call upon Sif Muna to cast any spell from your library.
The redback explodes!
The fiery explosion engulfs the two-headed ogre!!
The two-headed ogre is moderately wounded.
The fiery explosion engulfs you!!
Ouch! That really hurt!
You die...

__# ÷_# '## ..# ..# #'#
..#+##############
..#....#.#.#.....#
..##.#))#)##.###@#
..'##.#.#.##)#☼○##
..#...#..#.)##☼O'O...^s
▓▓▓▓▓▓▓▓▓▓▓▓▓▓▓▓#......
..^... .^... ..^.. ####


You could see a two-headed ogre (confused).

Vanquished Creatures
  Erolcha (D)
  A deep elf pyromancer (D)
  A shadow (D)
  A redback (D)
  A spatial vortex (D)
  4 two-headed ogres (D)
  A water elemental (D)
  A necrophage (D)
  A jelly (D)
  A wizard (D)
  A necromancer (D)
  3 humans (D)
  A kobold demonologist (D)
  A phantom (D)
  4 rats (D)
23 creatures vanquished.

Vanquished Creatures (others)
  28 foxfires (D)
28 creatures vanquished.

Grand Total: 51 creatures vanquished

Notes
Turn   | Place    | Note
-------+----------+-------------------------------------------
     0 | D        | Conn the Octopode Fire Elementalist began the quest for the
                  | Orb.
     0 | D        | Reached XP level 1. HP: 11/11 MP: 3/3
   123 | D        | Reached XP level 2. HP: 13/17 MP: 0/5
   126 | D        | Reached skill level 3 in Spellcasting
   126 | D        | Reached skill level 5 in Fire Magic
   126 | D        | Reached XP level 3. HP: 17/21 MP: 0/7
   129 | D        | Learned a level 2 spell: Scorch
   133 | D        | Learned a level 3 spell: Inner Flame
   156 | D        | Gained mutation: Your spells are a little harder to cast,
                  | but a little more powerful. [potion of mutation]
   156 | D        | Lost mutation: Your spells are a little harder to cast, but
                  | a little more powerful. [potion of mutation]
   156 | D        | Gained mutation: You are robust. (+10% HP) [potion of
                  | mutation]
   157 | D        | Lost mutation: You are robust. (+10% HP) [potion of
                  | mutation]
   157 | D        | Gained mutation: You have hidden genetic defects. [potion
                  | of mutation]
   158 | D        | Lost mutation: You have hidden genetic defects. [potion of
                  | mutation]
   158 | D        | Gained mutation: You are agile. (Dex +4, Str/Int -1)
                  | [potion of mutation]
   158 | D        | Gained mutation: You have a beak for a mouth. [potion of
                  | mutation]
   158 | D        | Gained mutation: You are somewhat resistant to further
                  | mutation. [potion of mutation]
   210 | D        | Noticed a water elemental
   217 | D        | Killed a water elemental
   218 | D        | Reached skill level 4 in Spellcasting
   218 | D        | Reached XP level 4. HP: 27/27 MP: 0/10
   304 | D        | Learned a level 4 spell: Flame Wave
   311 | D        | Found a radiant altar of Vehumet.
   311 | D        | Found a shimmering blue altar of Sif Muna.
   311 | D        | Found an ancient bone altar of Kikubaaqudgha.
   311 | D        | Noticed a wizard
   313 | D        | Noticed a hellwing
   316 | D        | Killed a wizard
   317 | D        | Reached skill level 5 in Spellcasting
   317 | D        | Reached XP level 5. HP: 15/32 MP: 1/12
   320 | D        | Got Eplotaf's Quarto of Congregated Bolts
   329 | D        | Learned a level 3 spell: Mephitic Cloud
   386 | D        | Became a worshipper of Sif Muna the Loreminder
   409 | D        | Found a glowing silver altar of Zin.
   409 | D        | Found a glowing golden altar of the Shining One.
   409 | D        | Found a white marble altar of Elyvilon.
   409 | D        | Noticed a deep elf pyromancer
   417 | D        | Killed a deep elf pyromancer
   418 | D        | Reached skill level 1 in Fighting
   418 | D        | Reached skill level 5 in Stealth
   418 | D        | Reached skill level 8 in Spellcasting
   418 | D        | Reached skill level 5 in Conjurations
   418 | D        | Reached XP level 6. HP: 35/39 MP: 3/17
   418 | D        | Reached XP level 7. HP: 40/44 MP: 3/19
   524 | D        | Learned a level 2 spell: Searing Ray
   526 | D        | Found a hide-covered altar of Uskayaw.
   526 | D        | Found an iron altar of Okawaru.
   526 | D        | Found a bloodstained altar of Trog.
   526 | D        | Found an ornate altar of the Wu Jian Council.
   526 | D        | Noticed a human
   526 | D        | Noticed a human
   533 | D        | Killed a human
   534 | D        | Reached skill level 9 in Spellcasting
   537 | D        | Killed a human
   537 | D        | Reached * piety under Sif Muna
   538 | D        | Reached XP level 8. HP: 44/50 MP: 0/21
   664 | D        | Found a basalt altar of Yredelemnul.
   664 | D        | Found a shadowy altar of Dithmenos.
   664 | D        | Found a sacrificial altar of Ru.
   667 | D        | Reached skill level 10 in Spellcasting
   712 | D        | Reached ** piety under Sif Muna
   712 | D        | Noticed a shadow
   713 | D        | Reached skill level 10 in Fire Magic
   715 | D        | Killed a shadow
   724 | D        | Found a blossoming altar of Fedhas.
   724 | D        | Found a stormy altar of Qazlal.
   725 | D        | Found a snail-covered altar of Cheibriados.
   725 | D        | Found a burning altar of Makhleb.
   725 | D        | Found a hazy altar of Hepliaklqana.
   725 | D        | Found a shimmering altar of Xom.
   725 | D        | Found an opulent altar of Gozag.
   725 | D        | Found a sparkling altar of Nemelex Xobeh.
   725 | D        | Found a corrupted altar of Lugonu.
   725 | D        | Found a viscous altar of Jiyva.
   843 | D        | Reached *** piety under Sif Muna
   844 | D        | Reached skill level 11 in Spellcasting
   916 | D        | Noticed a two-headed ogre
   921 | D        | Noticed Erolcha
   922 | D        | Killed a two-headed ogre
   923 | D        | Reached XP level 9. HP: 54/54 MP: 10/24
   924 | D        | Noticed a two-headed ogre
   928 | D        | Killed Erolcha
   929 | D        | Reached skill level 12 in Spellcasting
  1083 | D        | Reached **** piety under Sif Muna
  1083 | D        | Killed by an exploding redback... ignited by their inner
                  | flame

Illustrated notes

Levels and vault maps discovered:
D:        dungeon_sprint_mu [sprint_mu_entry_forest, sprint_mu_temple_rooms,
          sprint_mu_d1_spiders, sprint_mu_d2_genie, sprint_mu_d3_branching,
          sprint_mu_orc_legion, sprint_mu_elf_gauntlet, sprint_mu_hive_nellie,
          sprint_mu_lair_fedhas, sprint_mu_vaults_butterflies,
          sprint_mu_slime_circle, sprint_mu_swamp_cave, sprint_mu_snake_twists,
          sprint_mu_blade_basic, sprint_mu_crypt_lich, sprint_mu_tomb_spiral,
          sprint_mu_vestibule_basic, sprint_mu_gehenna_hellfire,
          sprint_mu_dis_giant, sprint_mu_tartarus_statrot,
          sprint_mu_cocytus_islands, sprint_mu_zot1]

Skill      XL: |  1  2  3  4  5  6  7  8  9 |
---------------+----------------------------+-----
Stealth        | 3 4 5 6 |  6.0
Fire Magic     | 4 5 6 9 10 11 | 11.2
Spellcasting   | 3 4 5 8 9 11 12 | 12.4
Dodging        | 3 4 |  4.7
Conjurations   | 2 3 5 6 7 8 |  8.3
Fighting       | 1 2 |  2.2
Poison Magic   | 2 3 |  3.3
Air Magic      | 2 4 |  4.8
Invocations    | 2 |  2.9
Unarmed Combat | |  0.2
Hexes          | |  0.8

Action                     |  1- 3 |  4- 6 |  7- 9 || total
---------------------------+-------+-------+-------++-------
  Melee: Unarmed           |    11 |       |       ||    11
         Tentacles         |     2 |     2 |       ||     4
         Constrict         |     1 |     1 |       ||     2
         Dagger            |       |     4 |     2 ||     6
         Peck              |       |       |     1 ||     1
   Cast: Foxfire           |    11 |       |     6 ||    17
         Scorch            |     3 |     3 |    12 ||    18
         Flame Wave        |       |     1 |     5 ||     6
         Mephitic Cloud    |       |     1 |     5 ||     6
         Searing Ray       |       |       |     3 ||     3
         Inner Flame       |       |       |     2 ||     2
    Use: Potion            |     4 |       |     1 ||     5
   Stab: Confused          |       |     1 |       ||     1
         Sleeping          |       |       |     2 ||     2
 Armour: Skin              |     3 |     3 |     6 ||    12
  Dodge: Dodged            |     7 |     1 |     8 ||    16

Table legend: (Time is in decaauts)
 A = Elapsed time spent in this place.
 B = Non-inter-level travel time spent in this place.
 C = Inter-level travel time spent in this place.
 D = Time resting spent in this place.
 E = Time spent auto-exploring this place.
 F = Levels seen in this place.
 G = Mean time per level.
                   A        B        C        D        E       F      G
               +--------+--------+--------+--------+--------+-----+--------+
         Total |   1081 |   1081 |      0 |    714 |      0 |   1 | 1081.0 |
       Dungeon |   1081 |   1081 |      0 |    714 |      0 |   1 | 1081.0 |
               +--------+--------+--------+--------+--------+-----+--------+

Top non-repeatable levels by time:
       D: 1081 daAuts
